 Dungeon Crawl Stone Soup version 0.23-a0-358-g98c7a59 (webtiles) character file.

7 namelastname112 the Magician (level 1, -1/15 HPs)
             Began as a Draconian Wizard on Oct 23, 2018.
             Slain by a goblin
             ... wielding a cursed -1 dagger
              (4 damage)
             ... on level 1 of the Dungeon.
             The game lasted 00:00:31 (135 turns).

namelastname112 the Magician (Draconian Wizard)      Turns: 135, Time: 00:00:32

Health: -1/15      AC:  4    Str:  9    XL:     1   Next: 83%
Magic:  0/4        EV: 12    Int: 18    God:
Gold:   16         SH:  0    Dex:  9    Spells: 5/6 levels left

rFire    . . .     SeeInvis .   f - +0 dagger
rCold    . . .     Gourm    .   (no shield)
rNeg     . . .     Faith    .   (armour unavailable)
rPois    .         Spirit   .   a - +0 hat
rElec    .         Reflect  .   (no cloak)
rCorr    .         Harm     .   (no gloves)
MR       .....                  (no boots)
Stlth    ++........             (no amulet)
HPRegen  0.05/turn              (no ring)
MPRegen  0.09/turn              (no ring)

@: no status effects
A: unfitting armour, cold-blooded, AC +4
a: no special abilities


You were on level 1 of the Dungeon.
You were not hungry.

You visited 1 branch of the dungeon, and saw 1 of its levels.

You collected 16 gold pieces.

Inventory:

Hand Weapons
 f - a +0 dagger (weapon)
Armour
 a - a +0 hat (worn)
Jewellery
 d - an uncursed ring of fire
Scrolls
 e - 2 scrolls of magic mapping {unknown}
Potions
 b - a potion of curing {unknown}
Comestibles
 c - 3 rations


   Skills:
 + Level 0.4 Fighting
 + Level 1.9 Dodging
 - Level 1.7 Stealth
 * Level 3.1 Spellcasting
 * Level 1.3 Conjurations
   Level 1.0 Summonings
   Level 1.0 Translocations


You had 5 spell levels left.
You knew the following spells:

 Your Spells              Type           Power        Failure   Level  Hunger
z - Magic Dart            Conj           #...         10%         1    None

Your spell library contained the following spells:

 Spells                   Type           Power        Failure   Level  Hunger
 Blink                    Tloc           N/A          16%         2    ##.....
 Call Imp                 Summ           #.......     16%         2    ##.....
 Slow                     Hex            #.......     24%         2    ##.....
 Conjure Flame            Conj/Fire      #.......     36%         3    ###....
 Mephitic Cloud           Conj/Pois/Air  #.......     38%         3    ###....


Dungeon Overview and Level Annotations

Branches:
Dungeon (1/15)

Altars:


Innate Abilities, Weirdness & Mutations

Your plain brown scales are hard. (AC +4)
You cannot fit into any form of body armour.
You are cold-blooded and may be slowed by cold attacks.


Message History

You closely miss the goblin.
Your tail-slap misses the goblin.
The goblin hits you with a cursed -1 dagger.
* * * LOW HITPOINT WARNING * * *
You take 2 damage, and have 3/15 hp.
Casting: Magic Dart (safe; 10% risk of failure)
Confirm with . or Enter, or press ? or * to list all spells.
Aiming: Magic Dart (safe; 10% risk of failure)
Press: ? - help, Shift-Dir - straight line, f - goblin
Aim: a goblin, wielding a -1 dagger The magic dart hits the goblin.
The goblin is moderately wounded.
The goblin hits you but does no damage.
You now have 0/4 mp.
You closely miss the goblin.
The goblin is moderately wounded.
The goblin hits you but does no damage.
You hit the goblin.
The goblin is severely wounded.
The goblin hits you with a cursed -1 dagger.
You die...

.... ####...##''##
.... ##...##P..P# #
#..# ##..####♣PP♣# ..
#..## #..#########
...####.†.#
##.####PPP♣P♣♣
..........# #..#
#P♣..<...
......$...###..#
#(......(
.).......g##...#
#+##P...#
#########@#....#
##''## #.....## #....#
##...########P...#
#..###...........
######..#.....♣P...♣P.
...............♣......
.......†..#.P♣....(♣P.
.......##.........P...
.......##...........#.


You could see a goblin.

Vanquished Creatures
  2 giant cockroaches (D:1)
  A goblin (D:1)
  A hobgoblin (D:1)
  A frilled lizard (D:1)
  A kobold (D:1)
6 creatures vanquished.

Notes
Turn   | Place    | Note
-------+----------+-------------------------------------------
     0 | D:1      | namelastname112 the Draconian Wizard began the quest for
                  | the Orb.
     0 | D:1      | Reached XP level 1. HP: 14/14 MP: 4/4
   135 | D:1      | Slain by a goblin

Vault maps used:
D:1:      denvon_arrival_planthouse, serial_bayou_pond_a

Action                   || total
-------------------------++-------
Melee: Dagger            ||    14
       Unarmed           ||     1
       Tailslap          ||     1
 Cast: Magic Dart        ||    11
Armor: Skin              ||     3
Dodge: Dodged            ||    11

Table legend:
 A = Non-vault XP
 B = Vault XP
 C = Vault XP percentage of total XP
 D = Non-vault monster count
 E = Vault monster count
 F = Vault count percentage of total count
                 A         B        C        D         E       F
            +---------+---------+-------+---------+---------+-------
      Total |      10 |       0 |   0.0 |       6 |       0 |   0.0
            +---------+---------+-------+---------+---------+-------
        D:1 |      10 |       0 |   0.0 |       6 |       0 |   0.0
            +---------+---------+-------+---------+---------+-------
